BSA
KALAMAZOO ROYALE WITH CHEESE @ VISTA PANTHERS
06/07/2024
 
TOP OF THE 1ST
Kalamazoo Royale with Cheese batting - Pitching for Vista Panthers : RHP Cristóbal Santos
Pitching: RHP Cristóbal Santos
Batting: SHB Jack Fountain 0-0: Ground out 4-3 (Groundball, 4)
Batting: RHB Run-ming Zhu 0-0: Ball
1-0: Ball
2-0: Ball
3-0: Called Strike
3-1: Called Strike
3-2: Base on Balls
Batting: LHB Jacob Wright 0-0: Foul Ball, location: 2F
0-1: Ball
1-1: Ball
2-1: Ball
3-1: Swinging Strike
3-2: Foul Ball, location: 2F
3-2: Base on Balls
Run-ming Zhu to second
Batting: RHB Miguel Encarnación 0-0: Ball
1-0: Foul Ball, location: 2F
1-1: Ball
2-1: Foul Ball, location: 2F
2-2: Ball
3-2: Foul Ball, location: 2F
3-2: Foul Ball, location: 2F
3-2: Fly out, F4 (Line Drive, 4)
Batting: LHB Ben Moss 0-0: Ball
1-0: Called Strike
1-1: Ball
2-1: Foul Ball, location: 2F
2-2: Ball
3-2: Base on Balls
Run-ming Zhu to third
Jacob Wright to second
Batting: LHB Stan Hickman 0-0: Ball
1-0: Foul Ball, location: 2F
1-1: Foul Ball, location: 2F
1-2: Ball
2-2: Ball
3-2: Ground out 4-3 (Groundball, 4)
Top of the 1st over - 0 run(s), 0 hit(s), 0 error(s), 3 left on base; Kalamazoo 0 - Vista 0
BOTTOM OF THE 1ST
Vista Panthers batting - Pitching for Kalamazoo Royale with Cheese : RHP Eric Richards
Pitching: RHP Eric Richards
Batting: LHB Harry Pitts 0-0: Foul Ball, location: 2F
0-1: Foul Ball, location: 2F
0-2: Foul Ball, location: 2F
0-2: Ball
1-2: Ground out 4-3 (Groundball, 4)
Batting: SHB Juan Gómez 0-0: Called Strike
0-1: Foul Ball, location: 2F
0-2: Ball
1-2: Fly out, F7 (Flyball, 78M)
Batting: RHB Roberto Cruz 0-0: Foul Ball, location: 2F
0-1: Swinging Strike
0-2: Strikes out swinging
Bottom of the 1st over - 0 run(s), 0 hit(s), 0 error(s), 0 left on base; Kalamazoo 0 - Vista 0
TOP OF THE 2ND
Kalamazoo Royale with Cheese batting - Pitching for Vista Panthers : RHP Cristóbal Santos
Batting: LHB Jack Hewat 0-0: Foul Ball, location: 2F
0-1: Swinging Strike
0-2: Ball
1-2: Ball
2-2: Ball
3-2: SOLO HOME RUN (Line Drive, 7LD), Distance : 408 ft
Batting: LHB Francisco Torres 0-0: Foul Ball, location: 2F
0-1: Foul Ball, location: 2F
0-2: Ball
1-2: Foul Ball, location: 2F
1-2: Ball
2-2: Foul Ball, location: 2F
2-2: Foul Ball, location: 2F
2-2: Fly out, F9 (Flyball, 9M)
Batting: LHB Dave Pitts 0-0: Ground out 5-3 (Groundball, 56)
Batting: SHB Jack Fountain 0-0: Ball
1-0: Ball
2-0: Foul Ball, location: 2F
2-1: Ball
3-1: Fly out, F8 (Popup, 8RS)
Top of the 2nd over - 1 run(s), 1 hit(s), 0 error(s), 0 left on base; Kalamazoo 1 - Vista 0
BOTTOM OF THE 2ND
Vista Panthers batting - Pitching for Kalamazoo Royale with Cheese : RHP Eric Richards
Batting: LHB Patrick Osborne 0-0: Ball
1-0: Called Strike
1-1: Ball
2-1: Called Strike
2-2: Strikes out swinging
Batting: LHB Pablo Rivas 0-0: Ball
1-0: Ball
2-0: Called Strike
2-1: Foul Ball, location: 2F
2-2: Foul Ball, location: 2F
2-2: Ball
3-2: Foul Ball, location: 2F
3-2: Fly out, F7 (Flyball, 78M)
Batting: LHB Jesús González 0-0: Called Strike
0-1: SINGLE (Groundball, 3D)
Batting: RHB Wilson López 0-0: Ball
1-0: Called Strike
1-1: Ball
2-1: Ground out 4-3 (Groundball, 4)
Bottom of the 2nd over - 0 run(s), 1 hit(s), 0 error(s), 1 left on base; Kalamazoo 1 - Vista 0
TOP OF THE 3RD
Kalamazoo Royale with Cheese batting - Pitching for Vista Panthers : RHP Cristóbal Santos
Batting: RHB Run-ming Zhu 0-0: Swinging Strike
0-1: Ball
1-1: Swinging Strike
1-2: Strikes out looking
Batting: LHB Jacob Wright 0-0: Foul Ball, location: 2F
0-1: Ball
1-1: Swinging Strike
1-2: Strikes out swinging
Batting: RHB Miguel Encarnación 0-0: Ball
1-0: Foul Ball, location: 2F
1-1: Swinging Strike
1-2: Foul Ball, location: 2F
1-2: Ground out 1-3 (Groundball, 13)
Top of the 3rd over - 0 run(s), 0 hit(s), 0 error(s), 0 left on base; Kalamazoo 1 - Vista 0
BOTTOM OF THE 3RD
Vista Panthers batting - Pitching for Kalamazoo Royale with Cheese : RHP Eric Richards
Batting: RHB Javier Deleón 0-0: Ground out 5-3 (Groundball, 5L)
Batting: RHB Salvador Salas 0-0: DOUBLE (Line Drive, 7LM)
Batting: LHB Harry Pitts 0-0: Foul Ball, location: 2F
0-1: Fly out, F8 (Flyball, 8LD)
Batting: SHB Juan Gómez 0-0: Swinging Strike
0-1: Ball
1-1: Ball
2-1: Ground out 4-3 (Groundball, 34)
Bottom of the 3rd over - 0 run(s), 1 hit(s), 0 error(s), 1 left on base; Kalamazoo 1 - Vista 0
TOP OF THE 4TH
Kalamazoo Royale with Cheese batting - Pitching for Vista Panthers : RHP Cristóbal Santos
Batting: LHB Ben Moss 0-0: Foul Ball, location: 2F
0-1: Ball
1-1: Ball
2-1: SINGLE (Groundball, 6M)
Batting: LHB Stan Hickman 0-0: Called Strike
0-1: Swinging Strike
0-2: Ball
1-2: DOUBLE (Groundball, 3D)
Ben Moss to third
Batting: LHB Jack Hewat 0-0: Called Strike
0-1: Ball
1-1: Ball
2-1: Fly out, F7 (Flyball, 7LS)
Batting: LHB Francisco Torres 0-0: Called Strike
0-1: Ball
1-1: Foul Ball, location: 2F
1-2: Fly out, F8 (Flyball, 78M)
Batting: LHB Dave Pitts 0-0: Called Strike
0-1: Ball
1-1: Swinging Strike
1-2: Ball
2-2: Ball
3-2: DOUBLE (Line Drive, 7LM)
Ben Moss scores
Stan Hickman scores
Batting: SHB Jack Fountain 0-0: Ball
1-0: Ball
2-0: Fly out, F9 (Flyball, 89XD)
Top of the 4th over - 2 run(s), 3 hit(s), 0 error(s), 1 left on base; Kalamazoo 3 - Vista 0
BOTTOM OF THE 4TH
Vista Panthers batting - Pitching for Kalamazoo Royale with Cheese : RHP Eric Richards
Batting: RHB Roberto Cruz 0-0: Swinging Strike
0-1: Ball
1-1: Called Strike
1-2: Ball
2-2: SINGLE (Line Drive, 78S)
Batting: LHB Patrick Osborne 0-0: Called Strike
0-1: DOUBLE (Groundball, 3L)
Roberto Cruz to third
Batting: LHB Pablo Rivas 0-0: Called Strike
0-1: Ground out U3 (Groundball, 3)
Batting: LHB Jesús González 0-0: Ball
1-0: Swinging Strike
1-1: Ball
2-1: Called Strike
2-2: Strikes out swinging
Batting: RHB Wilson López 0-0: Ball
1-0: Ball
2-0: Foul Ball, location: 2F
2-1: Fly out, F6 (Popup, 6)
Bottom of the 4th over - 0 run(s), 2 hit(s), 0 error(s), 2 left on base; Kalamazoo 3 - Vista 0
TOP OF THE 5TH
Kalamazoo Royale with Cheese batting - Pitching for Vista Panthers : RHP Cristóbal Santos
Pitching: RHP José Betancourt
Batting: RHB Run-ming Zhu 0-0: Foul Ball, location: 2F
0-1: Hit by Pitch
Batting: LHB Jacob Wright 0-0: Ball
1-0: Called Strike
1-1: Ball
2-1: Ball
3-1: Foul Ball, location: 2F
3-2: Base on Balls
Run-ming Zhu to second
Batting: RHB Miguel Encarnación 0-0: Called Strike
0-1: Ball
1-1: Foul Ball, location: 2F
1-2: Ball
2-2: Ball
3-2: Strikes out swinging
Batting: LHB Ben Moss 0-0: Foul Ball, location: 2F
0-1: Swinging Strike
0-2: Foul Ball, location: 2F
0-2: Foul Ball, location: 2F
0-2: Foul Ball, location: 2F
0-2: Foul Ball, location: 2F
0-2: Ball
1-2: Ball
2-2: Ground out 2-3 (Groundball, 15S)
Run-ming Zhu to third
Jacob Wright to second
Batting: LHB Stan Hickman 0-0: Foul Ball, location: 2F
0-1: Ball
1-1: SINGLE (Flyball, 8LS)
Run-ming Zhu scores
Jacob Wright to third
Runner from 3rd tries for Home, throw and OUT!
Top of the 5th over - 1 run(s), 1 hit(s), 0 error(s), 1 left on base; Kalamazoo 4 - Vista 0
BOTTOM OF THE 5TH
Vista Panthers batting - Pitching for Kalamazoo Royale with Cheese : RHP Eric Richards
Now at 1B: Matt Perkins
Batting: RHB Javier Deleón 0-0: Called Strike
0-1: Called Strike
0-2: Ball
1-2: Ball
2-2: Strikes out swinging
Batting: RHB Salvador Salas 0-0: Ball
1-0: Foul Ball, location: 2F
1-1: Ground out 5-3 (Groundball, 56)
Batting: LHB Harry Pitts 0-0: Called Strike
0-1: Swinging Strike
0-2: Ball
1-2: Ground out 3-1 (Groundball, 34)
Bottom of the 5th over - 0 run(s), 0 hit(s), 0 error(s), 0 left on base; Kalamazoo 4 - Vista 0
TOP OF THE 6TH
Kalamazoo Royale with Cheese batting - Pitching for Vista Panthers : RHP José Betancourt
Batting: LHB Jack Hewat 0-0: Called Strike
0-1: Ball
1-1: Called Strike
1-2: Ball
2-2: Strikes out looking
Pitching: RHP Warren Piniella
Batting: LHB Francisco Torres 0-0: Ground out 4-3 (Groundball, 34)
Batting: LHB Dave Pitts 0-0: Ground out 6-3 (Groundball, 6M)
Top of the 6th over - 0 run(s), 0 hit(s), 0 error(s), 0 left on base; Kalamazoo 4 - Vista 0
BOTTOM OF THE 6TH
Vista Panthers batting - Pitching for Kalamazoo Royale with Cheese : RHP Eric Richards
Batting: SHB Juan Gómez 0-0: Called Strike
0-1: Ball
1-1: Fly out, F7 (Line Drive, 7S)
Batting: RHB Roberto Cruz 0-0: Called Strike
0-1: Ball
1-1: Ball
2-1: Fly out, F8 (Flyball, 8RS)
Batting: LHB Patrick Osborne 0-0: Foul Ball, location: 2F
0-1: Fly out, F9 (Flyball, 9D)
Bottom of the 6th over - 0 run(s), 0 hit(s), 0 error(s), 0 left on base; Kalamazoo 4 - Vista 0
TOP OF THE 7TH
Kalamazoo Royale with Cheese batting - Pitching for Vista Panthers : RHP Warren Piniella
Batting: SHB Jack Fountain 0-0: Called Strike
0-1: Ball
1-1: Ball
2-1: Swinging Strike
2-2: Ball
3-2: Foul Ball, location: 2F
3-2: Ground out 6-3 (Groundball, 6M)
Batting: RHB Run-ming Zhu 0-0: Called Strike
0-1: Foul Ball, location: 2F
0-2: Ball
1-2: Ball
2-2: Ball
3-2: Ground out 6-3 (Groundball, 6)
Batting: RHB Matt Perkins 0-0: Foul Ball, location: 2F
0-1: Ball
1-1: Ball
2-1: Ball
3-1: Fly out, F5 (Popup, 5F)
Top of the 7th over - 0 run(s), 0 hit(s), 0 error(s), 0 left on base; Kalamazoo 4 - Vista 0
BOTTOM OF THE 7TH
Vista Panthers batting - Pitching for Kalamazoo Royale with Cheese : RHP Eric Richards
Batting: LHB Pablo Rivas 0-0: Called Strike
0-1: Fly out, F7 (Flyball, 7D)
Batting: LHB Jesús González 0-0: Foul Ball, location: 2F
0-1: DOUBLE (Flyball, 89D)
Batting: RHB Wilson López 0-0: Ball
1-0: Ball
2-0: Ground out 6-3 (Groundball, 6)
Batting: RHB Javier Deleón 0-0: Ball
1-0: Foul Ball, location: 2F
1-1: Called Strike
1-2: Strikes out swinging
Bottom of the 7th over - 0 run(s), 1 hit(s), 0 error(s), 1 left on base; Kalamazoo 4 - Vista 0
TOP OF THE 8TH
Kalamazoo Royale with Cheese batting - Pitching for Vista Panthers : RHP Warren Piniella
Batting: RHB Miguel Encarnación 0-0: Foul Ball, location: 2F
0-1: Foul Ball, location: 2F
0-2: Ground out 4-3 (Groundball, 4)
Pitching: LHP Jung-keun Yi
Batting: LHB Ben Moss 0-0: Ground out U3 (Groundball, 3)
Batting: LHB Stan Hickman 0-0: Ball
1-0: Called Strike
1-1: Foul Ball, location: 2F
1-2: Ball
2-2: Ball
3-2: Ground out 4-3 (Groundball, 4)
Top of the 8th over - 0 run(s), 0 hit(s), 0 error(s), 0 left on base; Kalamazoo 4 - Vista 0
BOTTOM OF THE 8TH
Vista Panthers batting - Pitching for Kalamazoo Royale with Cheese : RHP Eric Richards
Batting: RHB Salvador Salas 0-0: Ball
1-0: Fly out, F5 (Popup, 5SF)
Batting: LHB Harry Pitts 0-0: Ball
1-0: Ball
2-0: Foul Ball, location: 2F
2-1: Foul Ball, location: 2F
2-2: Ball
3-2: Base on Balls
Pitching: RHP Fergus Wakeford
Batting: SHB Juan Gómez 0-0: Swinging Strike
0-1: Grounds into double play, 1-6-3 (Groundball, 13)
Bottom of the 8th over - 0 run(s), 0 hit(s), 0 error(s), 0 left on base; Kalamazoo 4 - Vista 0
TOP OF THE 9TH
Kalamazoo Royale with Cheese batting - Pitching for Vista Panthers : LHP Jung-keun Yi
Batting: LHB Jack Hewat 0-0: Ball
1-0: Called Strike
1-1: Ball
2-1: Called Strike
2-2: Ball
3-2: Strikes out swinging
Batting: LHB Francisco Torres 0-0: Called Strike
0-1: Foul Ball, location: 2F
0-2: Strikes out swinging
Batting: LHB Dave Pitts 0-0: Ball
1-0: Foul Ball, location: 2F
1-1: Ball
2-1: Foul Ball, location: 2F
2-2: Strikes out swinging
Top of the 9th over - 0 run(s), 0 hit(s), 0 error(s), 0 left on base; Kalamazoo 4 - Vista 0
BOTTOM OF THE 9TH
Vista Panthers batting - Pitching for Kalamazoo Royale with Cheese : RHP Fergus Wakeford
Batting: RHB Roberto Cruz 0-0: Ball
1-0: Ground out 6-3 (Groundball, 6)
Batting: LHB Patrick Osborne 0-0: Called Strike
0-1: Hit by Pitch
Pinch Runner at 1st John Mendelson:
Batting: LHB Pablo Rivas 0-0: Called Strike
0-1: Ball
1-1: Ball
2-1: Ball
3-1: Foul Ball, location: 2F
3-2: Base on Balls
John Mendelson to second
Pitching: LHP Gian-Andrea Nota
Batting: LHB Jesús González 0-0: Called Strike
0-1: Called Strike
0-2: Foul Ball, location: 2F
0-2: Strikes out swinging
Batting: RHB Wilson López 0-0: Called Strike
0-1: Foul Ball, location: 2F
0-2: Foul Ball, location: 2F
0-2: Foul Ball, location: 2F
0-2: Foul Ball, location: 2F
0-2: Foul Ball, location: 2F
0-2: Ball
1-2: Strikes out looking
Bottom of the 9th over - 0 run(s), 0 hit(s), 0 error(s), 2 left on base; Kalamazoo 4 - Vista 0
This league is powered by Out of the Park Baseball, the baseball management simulation game for PC, Mac and Linux
Saturday, April 9th, 2016 - OOTP Baseball 16.8 Build 38